 Dungeon Crawl Stone Soup version 0.29.1-15-g9cfb28693d (webtiles) character file.

Game seed: 6336358710188430725

10884 devnull the Impaler (level 11, 0/81 HPs)
             Began as a Merfolk Gladiator on Apr 22, 2023.
             Was an Elder of Zin.
             Slain by a harpy simulacrum (6 damage)
             ... in an ice cave.
             The game lasted 00:33:29 (17624 turns).

devnull the Impaler (Merfolk Gladiator)            Turns: 17624, Time: 00:33:29

Health: 0/81       AC:  9    Str: 18    XL:     11   Next: 69%
Magic:  14/14      EV: 20    Int:  8    God:    Zin [****..]
Gold:   169        SH:  0    Dex: 16    Spells: 10/10 levels left

rFire   . . .      SeeInvis .   a - +0 glaive
rCold   + . .      Faith    .   (shield currently unavailable)
rNeg    . . .      Spirit   .   M - +1 troll leather armour
rPois   .          Reflect  .   c - +1 helmet
rElec   .          Harm     .   (no cloak)
rCorr   .          Rampage  .   (no gloves)
Will    .....                   y - +1 pair of boots
Stlth   ++++......              (no amulet)
HPRegen 1.03/turn               O - ring of protection from cold
MPRegen 0.14/turn               w - ring of flight

@: flying, very quick
A: nimble swimmer 2, mertail
a: Renounce Religion, Recite, Vitalisation, Imprison, Donate Gold


You were in an ice cave.
You worshipped Zin.
Zin was greatly pleased with you.
You visited 2 branches of the dungeon, and saw 12 of its levels.
You also visited: Sewer and Ice Cave.

You collected 689 gold pieces.
You spent 454 gold pieces at shops.
You donated 66 gold pieces to Zin.

Inventory:

Hand Weapons
 a - a +0 glaive (weapon)
 b - a +1 halberd of protection
 x - a +3 scimitar of flaming
Missiles
 d - 2 curare-tipped darts {!f}
 e - 3 javelins
 E - 25 poisoned darts (quivered)
Armour
 c - a +1 helmet (worn)
 y - a +1 pair of boots (worn)
 M - a +1 troll leather armour (worn)
Jewellery
 w - a ring of flight (right hand)
 K - a ring of wizardry
 O - a ring of protection from cold (left hand)
Wands
 v - a wand of flame (1) {@V1}
 B - a wand of digging (4)
 C - a wand of charming (22)
 F - a wand of acid (18)
 H - a wand of iceblast (19)
Scrolls
 f - a scroll of brand weapon {unknown}
 g - 3 scrolls of blinking
 i - 2 scrolls of vulnerability
 m - 3 scrolls of immolation
 n - a scroll of summoning {unknown}
 o - 7 scrolls of teleportation
 q - a scroll of enchant armour
 t - 4 scrolls of fog
 A - 4 scrolls of magic mapping
 N - a scroll of acquirement {unknown}
 R - a scroll of fear
Potions
 h - 2 potions of cancellation {unknown}
 j - 4 potions of brilliance {unknown}
 k - 3 potions of flight
 l - 2 potions of invisibility {unknown}
 p - 2 potions of heal wounds {unknown}
 r - 2 potions of might {unknown}
 s - 2 potions of haste {unknown}
 u - 2 potions of magic {unknown}
 z - 3 potions of lignification {unknown}
 G - 2 potions of degeneration {unknown}
 I - a potion of curing
 J - 2 potions of resistance {unknown}
 P - a potion of ambrosia {unknown}


   Skills:
 - Level 6.0 Fighting
 - Level 18.1 Polearms
 - Level 5.0 Throwing
 - Level 8.5 Dodging
 + Level 6.7 Stealth
 - Level 5.0 Invocations


You had 10 spell levels left.
You didn't know any spells.
Your spell library contained the following spells:

 Spells                   Type           Power      Damage    Failure   Level
 Magic Dart               Conj           0%         1d3       45%         1
 Slow                     Hex            0%         N/A       45%         1
 Poisonous Vapours        Pois/Air       0%         N/A       61%         2
 Searing Ray              Conj           0%         2d4       61%         2
 Static Discharge         Conj/Air       0%         3-3/arc   61%         2
 Confusing Touch          Hex            0%         N/A       83%         3
 Vampiric Draining        Necr           0%         2d6       83%         3
 Airstrike                Air            0%         2d(0-16)  99%         4
 Corpse Rot               Necr/Pois/Air  0%         N/A       99%         4
 Fulminant Prism          Conj/Hex       0%         3d6       99%         4
 Summon Lightning Spire   Summ/Air       0%         N/A       99%         4
 Lightning Bolt           Conj/Air       0%         1d11      100%        5
 Maxwell's Capacitive Co  Air            0%         ∞         100%        8


Dungeon Overview and Level Annotations

Branches:
Dungeon (11/15)            Temple (1/1) D:7            Lair (0/5) D:9
    Orc (0/2) D:9           Sewer (visited)           IceCv (1/1)

Altars:
Ashenzari
Cheibriados
Dithmenos
Elyvilon
Fedhas
Gozag
Hepliaklqana
Kikubaaqudgha
Makhleb
Nemelex Xobeh
Okawaru
Qazlal
Ru
Sif Muna
Trog
Uskayaw
Vehumet
Wu Jian
Xom
Yredelemnul
Zin
The Shining One

Shops:
D:1 ?   D:4 *   D:9 (*


Innate Abilities, Weirdness & Mutations

You are very nimble when in or above water. (Stealth+, EV+, Speed+++)
Your lower body shifts to a powerful aquatic tail in water.


Message History

Okay, then.
Throw: throwing net {!f}
Press: ? - help, Shift-Dir - straight line, f/p - harpy simulacrum
Aim: a harpy simulacrum (81% to hit)
Okay, then.
Unknown command.
Aiming: Charm
Press: ? - help, Shift-Dir - straight line, f/p - harpy simulacrum
Aim: a harpy simulacrum (chance to affect: 58%)
Okay, then.
Unknown command.
Throw: throwing net {!f}
Press: ? - help, Shift-Dir - straight line, f/p - harpy simulacrum
Aim: a harpy simulacrum (81% to hit)
You throw a throwing net {!f}.
The throwing net {!f} hits the harpy simulacrum.
The harpy simulacrum is caught in the net!
You hear a splash.
The harpy simulacrum struggles against the net. x2
The net rips apart, and the harpy simulacrum comes free!
Okay, then.
Unknown command.
Aiming: Throw Flame
Press: ? - help, Shift-Dir - straight line, f/p - harpy simulacrum
Aim: a harpy simulacrum (89% to hit)
The puff of flame hits the harpy simulacrum!
The harpy simulacrum melts!
The harpy simulacrum is heavily damaged.
The harpy simulacrum is engulfed in a cloud of scalding steam.
The harpy simulacrum completely misses you.
The harpy simulacrum barely misses you.
The harpy simulacrum is engulfed in a cloud of scalding steam.
The harpy simulacrum completely misses you.
The harpy simulacrum barely misses you.
You feel better.
The harpy simulacrum is engulfed in a cloud of scalding steam.
The harpy simulacrum claws you!
* * * LOW HITPOINT WARNING * * *
The harpy simulacrum freezes you. You resist.
You die...

###.##...#.#
##.#.#..## .Z
#..#...## 5# ......##
# .##..## ..##..# ###
...##.## ####.##
...##..# ##.#...#
.⌠.###.####....#@#
)..####.#.#.#.##Z#####
....###.#...#####Z#~~#
..#..##....######~~###
###.###..### #..##~~#
##..#...## ##..#≈~##
.#..#..## ##..§#~~~#
[# ..#...#
##§§§○.~#~#..[#
..##.## #..§☼§.#~...#


You could see an anaconda simulacrum and a harpy simulacrum.

Vanquished Creatures
  Erica (D:8)
  A two-headed ogre (D:10)
  An ice statue (IceCv)
  A gargoyle (D:7)
  Maggie (D:8)
  2 rime drakes (D:11)
  A troll (D:9)
  A hornet (D:9)
  Prince Ribbit (D:6)
  8 yaks (D:10)
  2 wraiths
  Grum (D:8)
  4 wyverns
  2 death yak simulacra (IceCv)
  A steam dragon (D:10)
  An acid dragon (D:9)
  2 water moccasins
  2 orc warriors
  A sky beast (D:7)
  2 black bears
  An ogre (D:6)
  4 wolves
  4 centaurs
  A phantom (D:3)
  5 kobold brigands
  5 bullfrogs
  2 gnoll sergeants
  8 two-headed ogre simulacra (IceCv)
  2 scorpions
  A cane toad simulacrum (IceCv)
  16 killer bees
  A jelly (D:4)
  2 electric eels (D:9)
  2 howler monkeys
  4 orc priests
  5 hounds
  5 iguanas
  7 orc wizards
  3 spriggan simulacra (IceCv)
  5 troll simulacra (IceCv)
  A polar bear simulacrum (IceCv)
  17 gnolls
  9 adders
  3 naga simulacra (IceCv)
  8 white imps
  5 ufetubi
  5 worms
  A dart slug (D:5)
  27 orcs
  7 ball pythons
  5 endoplasms
  2 giant cockroaches (D:1)
  5 goblins
  8 hobgoblins
  4 jackals (D:4)
  5 quokkas
  9 bats
  4 frilled lizards
  32 kobolds
  3 rats
279 creatures vanquished.

Notes
Turn   | Place    | Note
-------+----------+-------------------------------------------
     0 | D:1      | devnull the Merfolk Gladiator began the quest for the Orb.
     0 | D:1      | Reached XP level 1. HP: 16/16 MP: 1/1
    85 | D:1      | Found a faded altar of an unknown god.
    94 | D:1      | Reached XP level 2. HP: 22/22 MP: 2/2
   209 | D:1      | Reached skill level 5 in Polearms
   399 | D:1      | Reached XP level 3. HP: 27/27 MP: 3/3
   561 | D:1      | Found Inuxtil's Magic Scroll Boutique.
   606 | D:1      | Bought a scroll of identify for 28 gold pieces
   958 | D:2      | Reached skill level 6 in Polearms
  1124 | D:2      | Reached XP level 4. HP: 32/33 MP: 4/4
  1520 | D:3      | Found a glowing drain.
  1630 | Sewer    | Entered a sewer
  1659 | Sewer    | Noticed a water moccasin
  1677 | Sewer    | Killed a water moccasin
  1678 | Sewer    | Reached skill level 8 in Polearms
  1678 | Sewer    | Reached XP level 5. HP: 23/38 MP: 5/5
  2578 | D:3      | Reached XP level 6. HP: 43/44 MP: 6/6
  3101 | D:3      | Found a bloodstained altar of Trog.
  3129 | D:3      | Reached skill level 9 in Polearms
  3996 | D:4      | Reached skill level 10 in Polearms
  4012 | D:4      | Reached XP level 7. HP: 23/50 MP: 7/7
  4212 | D:4      | Found a glowing golden altar of the Shining One.
  4855 | D:3      | Reached skill level 5 in Dodging
  4997 | D:4      | Found a snail-covered altar of Cheibriados.
  5037 | D:4      | Found Rayts's Elemental Accessories.
  5114 | D:4      | Found a sacrificial altar of Ru.
  5138 | D:4      | Found a shimmering altar of Xom.
  5210 | D:5      | Entered Level 5 of the Dungeon
  6196 | D:6      | Reached XP level 8. HP: 7/58 MP: 8/8
  6688 | D:6      | Noticed Prince Ribbit
  6940 | D:5      | Reached skill level 5 in Fighting
  7627 | D:6      | Found a stormy altar of Qazlal.
  8340 | D:7      | Reached skill level 5 in Throwing
  8340 | D:7      | Reached XP level 9. HP: 51/69 MP: 9/9
  8954 | D:7      | Reached skill level 11 in Polearms
  9461 | D:7      | Reached skill level 12 in Polearms
  9517 | D:7      | Noticed a gargoyle
  9541 | D:7      | Killed a gargoyle
  9696 | D:7      | Reached skill level 13 in Polearms
  9937 | D:7      | Found a staircase to the Ecumenical Temple.
 10228 | Temple   | Entered the Ecumenical Temple
 10405 | Temple   | Became a worshipper of Zin the Law-Giver
 10405 | Temple   | Reached * piety under Zin
 10566 | D:8      | Reached ** piety under Zin
 10577 | D:8      | Noticed Erica
 10581 | D:8      | Noticed Grum
 10589 | D:8      | HP: 3/69 [wolf[Grum] (1)]
 11139 | D:8      | Killed Erica
 11140 | D:8      | Reached skill level 5 in Invocations
 11140 | D:8      | Reached XP level 10. HP: 30/76 MP: 7/13
 11683 | D:8      | Killed Grum
 11759 | D:8      | Reached skill level 14 in Polearms
 12050 | D:8      | Noticed Maggie
 12304 | D:8      | Killed Maggie
 12831 | D:9      | Reached skill level 15 in Polearms
 13041 | D:9      | Found a basalt altar of Yredelemnul.
 13108 | D:9      | Found a staircase to the Lair.
 13312 | D:9      | Reached skill level 16 in Polearms
 13405 | D:9      | Found Hargh's Weapon Shop.
 13413 | D:9      | Bought a +0 glaive for 97 gold pieces
 13455 | D:9      | Found a white marble altar of Elyvilon.
 13475 | D:9      | Found Kiups's Fire Supplies.
 13853 | D:9      | Found a staircase to the Orcish Mines.
 14171 | D:1      | Bought a scroll of fog for 56 gold pieces
 14171 | D:1      | Bought a scroll of enchant armour for 105 gold pieces
 14171 | D:1      | Bought a scroll of identify for 28 gold pieces
 14171 | D:1      | Bought a scroll of identify for 28 gold pieces
 14171 | D:1      | Bought a scroll of identify for 28 gold pieces
 14171 | D:1      | Bought a scroll of fear for 56 gold pieces
 14171 | D:1      | Bought a scroll of identify for 28 gold pieces
 14352 | D:10     | Entered Level 10 of the Dungeon
 14376 | D:10     | Reached XP level 11. HP: 77/81 MP: 14/14
 14403 | D:10     | Found a shadowy altar of Dithmenos.
 14507 | D:10     | Found a burning altar of Makhleb.
 14516 | D:10     | Reached *** piety under Zin
 14517 | D:10     | Noticed a two-headed ogre
 14534 | D:10     | Killed a two-headed ogre
 14535 | D:10     | Reached skill level 17 in Polearms
 14724 | D:10     | Found an iron altar of Okawaru.
 15419 | D:6      | Found a stormy altar of Qazlal.
 15948 | D:6      | Killed Prince Ribbit
 16256 | D:10     | Reached skill level 18 in Polearms
 16628 | D:10     | Reached skill level 1 in Stealth
 16742 | D:11     | Found a frozen archway.
 16763 | IceCv    | Entered an ice cave
 17018 | IceCv    | Reached skill level 5 in Stealth
 17567 | IceCv    | Reached **** piety under Zin
 17621 | IceCv    | HP: 1/81 [harpy simulacrum (7)]
 17624 | IceCv    | Slain by a harpy simulacrum

Illustrated notes

Levels and vault maps discovered:
D:1:      lemuel_arrival_cross, layout_basic, serial_shops,
          nicolae_diamond_shop, shapermc_ecumenical_altar_venn
D:2:      layout_loops_ring
D:3:      layout_basic, lemuel_coloured_pillars_altar,
          cheibrodos_sewer_entry_bend, ebering_dispersal_statue_hall
D:4:      layout_gridville, mainiacjoe_overflow_tiny_flanked,
          mainiacjoe_overflow_catwalk, nicolae_ru_path_of_blood,
          lemuel_tele_altar, nicolae_elemental_shop
D:5:      layout_basic
D:6:      layout_loops_corners, mainiacjoe_overflow_alcove_1,
          uniq_prince_ribbit1
D:7:      layout_basic, minmay_temple_entry_enclosed_plants,
          hangedman_decor_lopped, minivault_23
D:8:      layout_basic, hangedman_decor_clover_reticule,
          minmay_misc_feat_nine_boxes, uniq_erica, uniq_grum, uniq_maggie
D:9:      layout_basic, lemuel_round_altar, elyvilon_altar_4, erik_lair_island,
          serial_shops, nicolae_shop_bloodbath_and_beyond,
          nicolae_shop_fire_sale [nicolae_sub_dead_trees]
D:10:     layout_gridville, mainiacjoe_overflow_concentric_impassable,
          mainiacjoe_overflow_large_starburst, corexii_corridor_pit
D:11:     layout_basic, portal_ice_cave_rime, serial_shops,
          nicolae_shop_behind_doors, hangedman_abyss_or_decor_lesser_grid,
          eino_jars
Temple:   grunt_temple_mini_profane
IceCv:    ice_cave_caverns_03

Skill      XL: |  1  2  3  4  5  6  7  8  9 10 11 |
---------------+----------------------------------+-----
Polearms       | 5 6 8 10 13 16 18 | 18.1
Dodging        | 8 |  8.5
Fighting       | 3 6 |  6.0
Throwing       | 5 |  5.0
Invocations    | 5 |  5.0
Stealth        | 6 |  6.7

Action                   |  1- 3 |  4- 6 |  7- 9 | 10-12 || total
-------------------------+-------+-------+-------+-------++-------
Melee: Trident           |   101 |   218 |    41 |       ||   360
       Tailslap          |       |     1 |       |     3 ||     4
       Halberd           |       |       |   377 |   180 ||   557
       Glaive            |       |       |       |   247 ||   247
       Scimitar          |       |       |       |     2 ||     2
Throw: Javelin           |       |     2 |     4 |     2 ||     8
       Throwing net      |       |       |     4 |     2 ||     6
       Dart              |       |       |    14 |    22 ||    36
Invok: Vitalisation      |       |       |     2 |     4 ||     6
       Recite            |       |       |     1 |     3 ||     4
       Imprison          |       |       |       |     1 ||     1
Evoke: Wand              |       |       |       |    39 ||    39
  Use: Scroll            |     2 |     2 |     3 |     9 ||    16
       Potion            |       |     4 |     2 |     1 ||     7
 Stab: Sleeping          |       |     5 |     1 |     6 ||    12
       Held in net/web   |       |       |     2 |       ||     2
       Confused          |       |       |     1 |       ||     1
Armor: Leather armour    |     3 |       |       |       ||     3
       Acid dragon scale |    24 |    65 |   140 |    23 ||   252
       Troll leather arm |       |       |       |    71 ||    71
Dodge: Dodged            |    63 |   104 |   251 |   267 ||   685
